 Dungeon Crawl Stone Soup version 0.22.1-1-ga44c0e5 (webtiles) character file.

133 Zachthehappycat2 the Gusty (level 5, -7/29 HPs)
             Began as a Tengu Air Elementalist on Oct 18, 2018.
             Mangled by an ogre
             ... wielding a +0 giant spiked club
              (17 damage)
             ... on level 3 of the Dungeon.
             The game lasted 00:09:00 (2220 turns).

Zachthehappycat2 the Gusty (Tengu Air Elementalist) Turns: 2220, Time: 00:09:01

Health: -7/29      AC:  4    Str: 12    XL:     5   Next: 16%
Magic:  10/10      EV: 13    Int: 16    God:
Gold:   118        SH:  0    Dex: 15    Spells: 8/9 levels left

rFire    . . .     SeeInvis .   p - +2 short sword (vamp)
rCold    . . .     Gourm    .   (no shield)
rNeg     . . .     Faith    .   a - +0 robe
rPois    .         Spirit   .   (helmet restricted)
rElec    .         Reflect  .   u - +1 cloak
rCorr    .         Harm     .   (no gloves)
MR       .....                  (boots unavailable)
Stlth    ++........             (no amulet)
HPRegen  0.09/turn              s - ring of flight
MPRegen  0.12/turn              i - +4 ring of strength

@: no status effects
A: beak, talons 3, able to fly 1
a: Fly, Evoke Flight


You were on level 3 of the Dungeon.
You were not hungry.

You visited 1 branch of the dungeon, and saw 3 of its levels.

You collected 118 gold pieces.

Inventory:

Hand Weapons
 l - a +4 whip
 p - a +2 vampiric short sword (weapon)
Armour
 a - a +0 robe (worn)
 u - a +1 cloak (worn)
Jewellery
 i - a +4 ring of strength (right hand)
 s - a ring of flight (left hand)
Wands
 j - a wand of flame (52)
 o - a wand of polymorph (16)
Scrolls
 b - a scroll of teleportation {unknown}
 e - a scroll of remove curse {unknown}
 f - a scroll of amnesia {unknown}
 g - 2 scrolls of enchant weapon {unknown}
 m - a scroll of enchant armour {unknown}
 q - 2 scrolls of identify {unknown}
Potions
 d - a potion of ambrosia {unknown}
 h - a potion of curing {unknown}
 k - a potion of agility {unknown}
 r - a potion of heal wounds {unknown}
 t - a potion of flight
Comestibles
 c - 2 rations
 n - 2 chunks of flesh


   Skills:
 + Level 1.5 Fighting
 + Level 2.9 Dodging
 + Level 2.8 Stealth
 + Level 2.7 Spellcasting
 + Level 2.9 Conjurations
 + Level 4.7 Air Magic


You had 8 spell levels left.
You knew the following spells:

 Your Spells              Type           Power        Failure   Level  Hunger
a - Shock                 Conj/Air       ##..         4%          1    #......

Your spell library contained the following spells:

 Spells                   Type           Power        Failure   Level  Hunger
 Swiftness                Chrm/Air       #.......     11%         2    ##.....
 Static Discharge         Conj/Air       ##......     12%         3    ###....
 Airstrike                Air            ###.......   28%         4    #####..
 Lightning Bolt           Conj/Air       ##........   73%         5    ######.


Dungeon Overview and Level Annotations

Branches:
Dungeon (3/15)

Altars:
Okawaru


Innate Abilities, Weirdness & Mutations

You have a beak for a mouth.
You have claws for feet.
You can fly.


Message History

Found 6 poisoned needles.
You hit the ogre. You peck the ogre.
The ogre is moderately wounded.
The orc wizard shouts!
The orc wizard points at you and mumbles some strange words.
You resist with some effort. The ogre barely misses you.
You barely miss the ogre. Your kick misses the ogre. Your peck misses the ogre.
The ogre is moderately wounded.
An orc comes into view. It is wielding a hand axe.
The orc shouts!
You puncture the ogre! You claw the ogre.
The ogre is severely wounded.
You hear a shout! x2
The ogre hits you with a giant spiked club!!
Ouch! That really hurt!
You hit the ogre.
The ogre is severely wounded.
The ogre hits you with a giant spiked club!
Ouch! That really hurt!
You die...

.##################
oo.?...@O.........##
#################..#
####.#####
#.........
#.###.#### # #..#
##.## #.)# #.#####.#


You could see an ogre, an orc wizard and an orc.

Vanquished Creatures
  An orc wizard (D:3)
  2 adders (D:2)
  3 gnolls (D:2)
  An ooze (D:1)
  A worm (D:2)
  2 leopard geckos (D:2)
  5 orcs (D:3)
  2 ball pythons (D:1)
  2 giant cockroaches
  5 goblins
  6 hobgoblins
  4 jackals (D:3)
  6 bats
  A frilled lizard (D:1)
  2 kobolds
  5 rats
48 creatures vanquished.

Notes
Turn   | Place    | Note
-------+----------+-------------------------------------------
     0 | D:1      | Zachthehappycat2 the Tengu Air Elementalist began the quest
                  | for the Orb.
     0 | D:1      | Reached XP level 1. HP: 10/10 MP: 4/4
    97 | D:1      | Reached XP level 2. HP: 11/16 MP: 0/6
   624 | D:2      | Reached XP level 3. HP: 17/20 MP: 0/7
  1179 | D:2      | Reached skill level 1 in Fighting
  1185 | D:2      | Reached XP level 4. HP: 19/25 MP: 1/8
  1763 | D:3      | Found an iron altar of Okawaru.
  1968 | D:3      | Gained mutation: You can fly. [Tengu growth]
  1968 | D:3      | Reached XP level 5. HP: 29/29 MP: 1/10
  2187 | D:3      | Noticed an ogre
  2220 | D:3      | Mangled by an ogre

Skill      XL: |  1  2  3 |
---------------+----------+-----
Conjurations   | 2 |  2.9
Fighting       | 1 |  1.5
Dodging        | |  2.9
Stealth        | |  2.8
Spellcasting   | |  2.7
Air Magic      | |  4.7

Action                   |  1- 3 |  4- 6 || total
-------------------------+-------+-------++-------
Melee: Hand axe          |    26 |     2 ||    28
       Unarmed           |     4 |       ||     4
       Kick              |     7 |     8 ||    15
       Peck              |     2 |     3 ||     5
       Whip              |       |     7 ||     7
       Short sword       |       |     9 ||     9
 Cast: Shock             |    43 |    25 ||    68
  Use: Potion            |     1 |       ||     1
 Stab: Sleeping          |     1 |     1 ||     2
  Eat: Chunk             |     1 |     3 ||     4
       Ration            |       |     2 ||     2
Armor: Robe              |     9 |     2 ||    11
Dodge: Dodged            |    38 |    16 ||    54
